 Dungeon Crawl Stone Soup version 0.17-a0-2014-g32cd421 (webtiles) character file.

59 graki42 the Vandal (level 4, -2/29 HPs)
             Began as a Halfling Hunter on Oct 10, 2015.
             Slain by a hound (3 damage)
             ... on level 2 of the Dungeon.
             The game lasted 00:04:20 (784 turns).

graki42 the Vandal (Halfling Hunter)                 Turns: 784, Time: 00:04:20

Health: -2/29      AC:  6    Str: 12    XL:     4   Next: 22%
Magic:  4/4        EV: 14    Int: 10    God:
Gold:   90         SH:  0    Dex: 15    Spells: 0 memorised, 3 levels left

rFire  . . .     SeeInvis .     a - +1 hunting sling
rCold  + . .     Clarity  +     d - +0 leather armour
rNeg   . . .     SustAt   .     (shield restricted)
rPois  .         Gourm    .     (no helmet)
rElec  .         Spirit   .     (no cloak)
rCorr  .         Warding  .     (no gloves)
rMut   .         Stasis   .     l - +2 pair of boots
MR     .....                    r - amulet of clarity
Stlth  ++........               (no ring)
                                o - ring of protection from cold

@: not resistant to hostile enchantments, unstealthy
A: mutation resistance 1
a: no special abilities


You were on level 2 of the Dungeon.
You were not hungry.

You visited 1 branch of the dungeon, and saw 2 of its levels.

You collected 90 gold pieces.

Inventory:

Hand Weapons
 a - a +1 hunting sling (weapon)
 c - a +0 short sword
Missiles
 b - 13 sling bullets
 i - 52 stones (quivered)
Armour
 d - a +0 leather armour (worn)
 h - a +0 pair of boots
 l - a +2 pair of boots (worn)
Jewellery
 o - a ring of protection from cold (left hand)
 r - an amulet of clarity (around neck)
Scrolls
 f - a scroll of fear {unknown}
 j - 2 scrolls of magic mapping {unknown}
 m - 2 scrolls of immolation {unknown}
 n - a scroll of enchant armour {unknown}
 p - a scroll of fog {unknown}
 q - a scroll of teleportation {unknown}
Potions
 g - a potion of might {unknown}
 s - a potion of invisibility {unknown}
Comestibles
 e - 2 bread rations
 k - a beef jerky


   Skills:
 + Level 1.8 Fighting
 + Level 7.7 Slings
 + Level 0.2 Armour
 + Level 2.4 Dodging
 + Level 1.2 Stealth


You had 3 spell levels left.
You didn't know any spells.

Dungeon Overview and Level Annotations

Branches:
Dungeon (2/15)

Altars:
Makhleb
Nemelex Xobeh


Innate Abilities, Weirdness & Mutations

You are small and have problems with some larger weapons.
You are somewhat resistant to further mutation.


Message History

Aim: a hound (severely wounded)
You shoot a stone. The stone closely misses the hound.
The hound barely misses you. The hound bites you but does no damage.
Firing (i - inventory. (,) - cycle):
i - 55 stones (quivered)
Press: ? - help, Shift-Dir - straight line, f/p - hound
Aim: a hound (severely wounded)
You shoot a stone. The stone barely misses the hound.
The hound bites you.
* * * LOW HITPOINT WARNING * * *
Firing (i - inventory. (,) - cycle):
i - 54 stones (quivered)
Press: ? - help, Shift-Dir - straight line, f/p - hound
Aim: a hound (severely wounded)
You shoot a stone. The stone barely misses the hound.
The hound bites you.
* * * LOW HITPOINT WARNING * * *
Firing (i - inventory. (,) - cycle):
i - 53 stones (quivered)
Press: ? - help, Shift-Dir - straight line, f/p - hound
Aim: a hound (severely wounded)
You shoot a stone. The stone hits the hound.
The hound is almost dead.
The hound bites you.
You die...

##########..........+
#.........).##......#
..##........##......#
#.##)####...##......###.#
................#.#.....#
...#.##.....#.......###
#..#.##.>......####.####
.....##<....####.###...#######
#......).....##.@.###.........
#..####.#...##.h#..##.).......
#..# #......##.###..#.........
#..# #.....##.. #............
#....#..#..#(. ##...........
>.......#..#._ #....#######
...........## ##...#...##
..#........# ######.......
......#..†.# ##..............


You could see a hound.

Vanquished Creatures
  Terence (D:2)
  A worm (D:2)
  A ball python (D:1)
  6 bats
  4 hobgoblins
  3 giant newts
  6 goblins
  2 kobolds
  7 rats
31 creatures vanquished.

Vanquished Creatures (others)
  3 plants (D:2)
3 creatures vanquished.

Grand Total: 34 creatures vanquished

Notes
Turn   | Place    | Note
--------------------------------------------------------------
     0 | D:1      | graki42 the Halfling Hunter began the quest for the Orb.
     0 | D:1      | Reached XP level 1. HP: 14/14 MP: 1/1
    53 | D:1      | Reached skill level 6 in Slings
   119 | D:1      | Reached XP level 2. HP: 17/19 MP: 2/2
   496 | D:2      | Reached XP level 3. HP: 24/24 MP: 3/3
   589 | D:2      | Reached skill level 7 in Slings
   601 | D:2      | Found a sparkling altar of Nemelex Xobeh.
   707 | D:2      | Noticed Terence
   736 | D:2      | Killed Terence
   736 | D:2      | Reached XP level 4. HP: 7/29 MP: 4/4
   771 | D:2      | Found a burning altar of Makhleb.
   783 | D:2      | HP: 1/29 [hound (1)]
   784 | D:2      | Slain by a hound

Vault maps used:
D:1:      minmay_arrival_four_houses, st_stairs_6, roderic_three_in_a_row
D:2:      nemelex_xobeh_ov_fountains_minmay, serial_bayou_pond_e,
          dk_noncrumbling_4, makhleb_blood_cavern_becter, uniq_terence

Action                   |  1- 3 |  4- 6 || total
-------------------------+-------+-------++-------
Melee: Short sword       |     7 |       ||     7
 Fire: Hunting sling     |   100 |    14 ||   114
